 Dungeon Crawl Stone Soup version 0.20-a0-1124-g2e29d97 (webtiles) character file.

75 inmateoo the Shooter (level 4, -1/27 HPs)
             Began as a Tengu Hunter on May 16, 2017.
             Slain by a bullfrog (5 damage)
             ... on level 3 of the Dungeon.
             The game lasted 00:02:09 (2054 turns).

inmateoo the Shooter (Tengu Hunter)                 Turns: 2054, Time: 00:02:09

Health: -1/27      AC:  3    Str: 12    XL:     4   Next: 31%
Magic:  5/5        EV: 13    Int: 11    God:
Gold:   82         SH:  0    Dex: 16    Spells: 3/3 levels left

rFire    . . .     SeeInvis .   i - +0 spear
rCold    . . .     Gourm    .   (no shield)
rNeg     . . .     Faith    .   c - +0 leather armour
rPois    .         Spirit   .   (helmet restricted)
rElec    .         Reflect  .   (no cloak)
rCorr    .         Harm     .   (no gloves)
MR       .....                  (boots unavailable)
Stlth    ++........             (no amulet)
Regen    0.1/turn               (no ring)
MPRegen  0.1/turn               (no ring)

@: no status effects
A: beak, talons 3
a: no special abilities


You were on level 3 of the Dungeon.
You were not hungry.

You visited 1 branch of the dungeon, and saw 3 of its levels.

You collected 82 gold pieces.

Inventory:

Hand Weapons
 a - a +1 shortbow
 i - a +0 spear (weapon)
Missiles
 d - 20 arrows
Armour
 c - a +0 leather armour (worn)
Scrolls
 e - 2 scrolls of enchant weapon {unknown}
 j - 6 scrolls of remove curse {unknown}
 m - a scroll of blinking {unknown}
 n - 2 scrolls of teleportation {unknown}
 q - a scroll of random uselessness {unknown}
Potions
 h - a potion of invisibility {unknown}
 k - a potion of mutation {unknown}
 l - a potion of magic {unknown}
 o - a potion of lignification {unknown}
 p - a potion of resistance {unknown}
Comestibles
 b - a meat ration
 f - a bread ration
 g - 3 fruits


   Skills:
 + Level 2.7 Fighting
   Level 0.2 Short Blades
 + Level 1.0 Polearms
 * Level 5.0 Bows
 + Level 2.9 Dodging
 + Level 1.6 Stealth


You had 3 spell levels left.
You didn't know any spells.

Dungeon Overview and Level Annotations

Branches:
Dungeon (3/15)

Altars:
Trog


Innate Abilities, Weirdness & Mutations

You have a beak for a mouth.
You have claws for feet.


Message History

The bullfrog is moderately wounded.
The bullfrog misses you. The bullfrog barely misses you.
Unknown command.
Attack whom?
Press: ? - help, Dir - move target cursor, f/p - bullfrog
Aim: a bullfrog (moderately wounded)
You hit the bullfrog but do no damage.
You claw the bullfrog, but do no damage.
Your peck misses the bullfrog.
The bullfrog is moderately wounded.
The bullfrog closely misses you.
Unknown command.
Attack whom?
Press: ? - help, Dir - move target cursor, f/p - bullfrog
Aim: a bullfrog (moderately wounded)
You completely miss the bullfrog. Your kick misses the bullfrog.
You peck the bullfrog.
The bullfrog is heavily wounded.
The bullfrog hits you.
You die...

....#. .._....
...... ## .... ##
#(# ... #.###.
#####.##.##......
.................
......F@.........
#####.#........(.
# #....#.###
#..#.......
####.#..#.#.###.
........<#.# #
#####.#.##.#
#.#.# .# # #.# .#


You could see a bullfrog.

Vanquished Creatures
  A gnoll (D:1)
  3 adders (D:2)
  An ooze (D:1)
  A dart slug (D:1)
  A leopard gecko (D:1)
  5 bats
  3 giant cockroaches (D:1)
  4 goblins (D:1)
  2 hobgoblins
  A jackal (D:3)
  3 kobolds (D:1)
  4 frilled lizards
  5 rats
34 creatures vanquished.

Notes
Turn   | Place    | Note
-------+----------+-------------------------------------------
     0 | D:1      | inmateoo the Tengu Hunter began the quest for the Orb.
     0 | D:1      | Reached XP level 1. HP: 12/12 MP: 2/2
    46 | D:1      | Reached XP level 2. HP: 2/17 MP: 3/3
   632 | D:1      | Reached XP level 3. HP: 22/22 MP: 4/4
  1383 | D:2      | Reached skill level 1 in Polearms
  1383 | D:2      | Reached skill level 5 in Bows
  1383 | D:2      | Reached XP level 4. HP: 10/27 MP: 5/5
  1944 | D:2      | Noticed an ogre
  2041 | D:3      | Found a bloodstained altar of Trog.
  2046 | D:3      | Noticed a bullfrog
  2054 | D:3      | Slain by a bullfrog

Vault maps used:
D:1:      tarquinn_simple_flora_water_e, corexii_item_surrounded_by_moat,
          minivault_19, st_stairs_11
D:3:      lemuel_round_altar

Skill      XL: |  1  2  3 |
---------------+----------+-----
Polearms       | 1 |  1.0
Bows           | 5 |  5.0
Fighting       | |  2.7
Short Blades   | |  0.2
Dodging        | |  2.9
Stealth        | |  1.6

Action                   |  1- 3 |  4- 6 || total
-------------------------+-------+-------++-------
Melee: Spear             |    79 |    39 ||   118
       Kick              |    15 |     7 ||    22
       Peck              |    13 |     3 ||    16
       Short sword       |     1 |       ||     1
 Fire: Shortbow          |     7 |       ||     7
 Stab: Sleeping          |     5 |     1 ||     6
  Eat: Chunk             |     1 |     3 ||     4
Armor: Leather armour    |    24 |     6 ||    30
Dodge: Dodged            |    42 |    30 ||    72
